 Dungeon Crawl Stone Soup version 0.29-a0-330-g52719c12eb (webtiles) character file.

Game seed: 7491833935979859279

56 sking99 the Vexing (level 3, -1/18 HPs)
             Began as a Spriggan Arcane Marksman on May 20, 2022.
             Slain by Grinder (2 damage)
             ... while paralysed by Grinder
             ... on level 2 of the Dungeon.
             The game lasted 00:03:14 (1746 turns).

sking99 the Vexing (Spriggan Arcane Marksman)       Turns: 1746, Time: 00:03:15

Health: -1/18      AC:  4    Str:  8    XL:     3   Next: 69%
Magic:  6/6        EV:  4    Int: 14    God:
Gold:   71         SH:  0    Dex: 15    Spells: 1/5 levels left

rFire   . . .      SeeInvis +   a - +0 shortbow
rCold   . . .      Faith    .   (shield currently unavailable)
rNeg    . . .      Spirit   .   b - +0 robe
rPois   .          Reflect  .   d - +2 hat
rElec   .          Harm     .   (no cloak)
rCorr   .          Rampage  .   (gloves unavailable)
Will    .....                   (boots unavailable)
Stlth   +.........              (no amulet)
HPRegen 0.06/turn               (no ring)
MPRegen 0.10/turn               (no ring)

@: paralysed, very quick
A: very small, no large weapons, unfitting armour, see invisible, speed 3
a: no special abilities


You were on level 2 of the Dungeon.
You visited 1 branch of the dungeon, and saw 3 of its levels.

You collected 71 gold pieces.

Inventory:

Hand Weapons
 a - a +0 shortbow (weapon)
Armour
 b - a +0 robe (worn)
 d - a +2 hat (worn)
Scrolls
 c - 4 scrolls of vulnerability
 f - 3 scrolls of identify {unknown}
 h - a scroll of immolation {unknown}
Potions
 e - a potion of mutation {unknown}
 g - 2 potions of haste {unknown}
 i - a potion of brilliance {unknown}


   Skills:
 - Level 1.3 Fighting
 * Level 3.8 Bows
 - Level 3.3 Dodging
 - Level 1.5 Spellcasting
 + Level 3.9 Hexes
 + Level 0.4 Fire Magic


You had one spell level left.
You knew the following spells:

 Your Spells              Type           Power      Damage    Failure   Level
a - Slow                  Hex            48%        N/A       4%          1
b - Inner Flame           Hex/Fire       7%         N/A       30%         3

Your spell library contained the following spells:

 Spells                   Type           Power      Damage    Failure   Level
 Portal Projectile        Hex/Tloc       12%        N/A       32%         3
 Cause Fear               Hex            6%         N/A       45%         4
 Dispersal                Tloc           0%         N/A       100%        6
 Disjunction              Tloc           0%         N/A       100%        8


Dungeon Overview and Level Annotations

Branches:
Dungeon (3/15)

Altars:

Annotations:
D:2 Grinder


Innate Abilities, Weirdness & Mutations

You are very small and have problems with some larger weapons.
You are too small for most types of armour.
You have supernaturally acute eyesight. (SInv)
You cover ground extremely quickly. (Speed+++)


Message History

You now have 71 gold pieces (gained 9).
Grinder comes into view.
Found a bubbling yellow potion.
Grinder shouts!
Casting: Slow (safe; 4% risk of failure)
Confirm with . or Enter, or press ? or * to list all spells.
The spell is potentially lethal to miscast (30% risk of failure)!
Continue anyway?
Okay, then.
Casting: Inner Flame (potentially lethal; 30% risk of failure)
Confirm with . or Enter, or press ? or * to list all spells.
Aiming: Slow (safe; 4% risk of failure)
Press: ? - help, Shift-Dir - straight line, f - Grinder
Aim: Grinder (chance to affect: 50%) Grinder resists with significant effort.
You shoot an arrow. The arrow hits Grinder.
Grinder is lightly wounded.
You shoot an arrow. The arrow hits Grinder!
Grinder is moderately wounded.
Grinder blinks! x2
You shoot an arrow. The arrow closely misses Grinder.
Grinder gestures at you. Pain shoots through your body!
Ouch! That really hurt!
* * * LOW HITPOINT WARNING * * *
Grinder gestures at you.
You suddenly lose the ability to move!
You can move again.
Grinder blinks!
There is a stone staircase leading up here.
Grinder barely misses you.
You climb upwards.
There is a stone staircase leading down here.
Grinder says, "You look like you could use a good racking."
Grinder gestures at you.
You suddenly lose the ability to move!
Grinder says, "FISH!"
Grinder hits you.
* * * LOW HITPOINT WARNING * * *
You writhe in agony.
You die...

#....##.###.##...##.#.....###..
#.#####.#....).#....#.........#
#.# #.#.###....##.#.....###..
#.# #...# #...####...........
#.# ###.###.............####.
#.# #.......####........... #.#
###......>.......>..... #.#
#.##.5####.########..
#.#########...@.# #.# #.#
#...............# #.# #.#
########....##### #.# #.#
#.##.## #.# #.# #.#...# #.# #.#
#<#.#.### #.# #.#
#...#...#####.# #.#
#.#####.......# #.#
#...#...####### #.#


You could see Grinder.

Vanquished Creatures
  2 worms (D:2)
  A dart slug (D:2)
  2 ball pythons
  8 endoplasms
  3 giant cockroaches
  6 hobgoblins
  6 jackals (D:1)
  2 quokkas (D:1)
  4 bats
  2 frilled lizards (D:1)
  2 goblins (D:1)
  2 kobolds (D:1)
  A rat (D:1)
41 creatures vanquished.

Notes
Turn   | Place    | Note
-------+----------+-------------------------------------------
     0 | D:1      | sking99 the Spriggan Arcane Marksman began the quest for
                  | the Orb.
     0 | D:1      | Reached XP level 1. HP: 9/9 MP: 3/3
   172 | D:1      | Reached skill level 1 in Fighting
   245 | D:1      | Reached XP level 2. HP: 14/14 MP: 5/5
   555 | D:1      | Reached XP level 3. HP: 18/18 MP: 6/6
   790 | D:1      | Learned a level 3 spell: Inner Flame
  1493 | D:2      | Found a faded altar of an unknown god.
  1696 | D:3      | Noticed a necrophage
  1722 | D:3      | Noticed Grinder
  1733 | D:3      | Paralysed by Grinder for 3 turns
  1743 | D:2      | Paralysed by Grinder for 5 turns
  1746 | D:2      | Slain by Grinder

Illustrated notes

Levels and vault maps discovered:
D:1:      sevenhm_arrival_forest_fort_small_6, layout_basic,
          roderic_st_hans_cross
D:2:      layout_loops_ring, chequers_ecumenical_altar_lobes,
          guppyfry_early_lair_pool
D:3:      layout_rooms, ebering_ghost_rock_garden, uniq_grinder

Skill      XL: |  1  2 |
---------------+-------+-----
Fighting       | 1 |  1.3
Dodging        | 3 |  3.3
Bows           | 3 |  3.8
Spellcasting   | |  1.5
Hexes          | |  3.9
Fire Magic     | |  0.4

Action                   || total
-------------------------++-------
 Fire: Shortbow          ||    98
 Cast: Slow              ||     3
Armor: Robe              ||     4
Dodge: Dodged            ||    26

Table legend: (Time is in decaauts)
 A = Elapsed time spent in this place.
 B = Non-inter-level travel time spent in this place.
 C = Inter-level travel time spent in this place.
 D = Time resting spent in this place.
 E = Time spent auto-exploring this place.
 F = Levels seen in this place.
 G = Mean time per level.
                   A        B        C        D        E       F      G
               +--------+--------+--------+--------+--------+-----+--------+
         Total |   1193 |   1107 |     86 |    107 |    738 |   3 |  397.7 |
       Dungeon |   1193 |   1107 |     86 |    107 |    738 |   3 |  397.7 |
               +--------+--------+--------+--------+--------+-----+--------+

Top non-repeatable levels by time:
     D:2: 613 daAuts
     D:1: 555 daAuts
     D:3: 24 daAuts
